 Dungeon Crawl Stone Soup version 0.26-a0-489-g112e8ad46e (webtiles) character file.

Game seed: 14972477635104181725

380 KristoblXynda the Sneak (level 6, 0/44 HPs)
             Began as a Vampire Gladiator on Aug 3, 2020.
             Was an Initiate of Ashenzari.
             Slain by an orc warrior
             ... wielding a +0 short sword
              (15 damage)
             ... on level 3 of the Dungeon.
             The game lasted 00:08:46 (3030 turns).

KristoblXynda the Sneak (Vampire Gladiator)         Turns: 3030, Time: 00:08:46

Health: 0/44       AC: 10    Str: 14    XL:     6   Next: 46%
Magic:  6/6        EV: 14    Int: 12    God:    Ashenzari [......]
Gold:   182        SH:  5    Dex: 21    Spells: 5/5 levels left

rFire    . . .     SeeInvis +   a - +0 long sword
rCold    . . .     Faith    .   (no shield)
rNeg     . . .     Spirit   .   p - +0 ring mail
rPois    .         Reflect  +   c - +1 helmet
rElec    .         Harm     .   (no cloak)
rCorr    .                      o - +2 pair of gloves
MR       .....                  (no boots)
Stlth    +++.......             h - amulet of reflection
HPRegen  0.34/turn              s - +6 ring of dexterity
MPRegen  0.10/turn              e - ring of wizardry

@: regenerating quickly
A: fangs 3, see invisible, unbreathing
a: Exsanguinate, Curse Item, Renounce Religion


You were on level 3 of the Dungeon.
You worshipped Ashenzari.
Ashenzari was noncommittal.
You visited 1 branch of the dungeon, and saw 4 of its levels.

You collected 182 gold pieces.

Inventory:

Hand Weapons
 a - a +0 long sword (weapon)
Missiles
 d - a throwing net (quivered)
Armour
 c - a +1 helmet (worn)
 o - a +2 pair of gloves (worn)
 p - a +0 ring mail (worn)
 r - a +0 buckler
Jewellery
 e - a ring of wizardry (right hand)
 h - an amulet of reflection (around neck)
 m - an uncursed ring of positive energy
 s - a +6 ring of dexterity (left hand)
 w - an uncursed ring of stealth
Scrolls
 g - a scroll of amnesia
 t - a scroll of enchant armour
Potions
 f - a potion of curing
 i - a potion of brilliance {unknown}
 j - a potion of resistance
 k - a potion of might
 n - a potion of magic
 q - a potion of ambrosia
 v - a potion of flight
 x - 2 potions of berserk rage {unknown}
 z - a potion of haste {unknown}


   Skills:
 - Level 1.7 Fighting
 + Level 4.4 Long Blades
 - Level 1.5 Throwing
 + Level 2.4 Armour
 + Level 4.9 Dodging
 + Level 5.0 Stealth


You had 5 spell levels left.
You didn't know any spells.
Your spell library was empty.

Dungeon Overview and Level Annotations

Branches:
Dungeon (4/15)
 Temple: D:4-7

Altars:
Ashenzari
Elyvilon
Gozag
Hepliaklqana
Qazlal
Trog


Innate Abilities, Weirdness & Mutations

Your natural rate of healing is unusually fast.
You have razor-sharp teeth.
You have supernaturally acute eyesight. (SInv)
You can survive without breathing.


Message History

The orc warrior is moderately wounded.
The orc warrior struggles against the net.
You hit the orc warrior but do no damage.
You bite the orc warrior, but do no damage.
The orc warrior is moderately wounded.
The orc warrior struggles against the net.
You hit the orc warrior but do no damage.
The orc warrior is moderately wounded.
The orc warrior struggles against the net. x2
You hit the orc warrior but do no damage.
The orc warrior is moderately wounded.
The orc warrior struggles against the net.
The net rips apart, and the orc warrior comes free!
You hit the orc warrior.
The orc warrior is heavily wounded.
The orc warrior hits you with a +0 short sword!
You slash the orc warrior!
The orc warrior is severely wounded.
The orc warrior hits you with a +0 short sword!
You die...

######## .......#
######.#
##...##############
#.##..##.....o@...#
#.#...>..########.#
#.#.#[#### #.#
##....# #.#
##.###.## #.# ##.##
##.# #.# ...# #.#
#.# ...## ##[#
#.##########
###.###.##
#..........#


You could see an orc warrior.

Vanquished Creatures
  An ogre (D:4)
  A scorpion (D:3)
  3 orc wizards
  Terence (D:2)
  A hound skeleton (D:4)
  3 adders (D:2)
  4 worms
  3 leopard geckos
  14 orcs
  2 ball pythons
  2 giant cockroaches (D:1)
  7 goblins
  10 hobgoblins
  8 jackals
  6 bats
  2 frilled lizards
  9 kobolds
  5 rats
82 creatures vanquished.

Notes
Turn   | Place    | Note
-------+----------+-------------------------------------------
     0 | D:1      | KristoblXynda the Vampire Gladiator began the quest for the
                  | Orb.
     0 | D:1      | Reached XP level 1. HP: 16/16 MP: 1/1
   154 | D:1      | Reached skill level 1 in Stealth
   237 | D:1      | Reached XP level 2. HP: 22/22 MP: 2/2
   692 | D:2      | Reached skill level 2 in Stealth
   692 | D:2      | Reached XP level 3. HP: 27/27 MP: 3/3
   717 | D:2      | Reached skill level 1 in Armour
   958 | D:2      | Reached XP level 4. HP: 33/33 MP: 4/4
  1094 | D:2      | Noticed Terence
  1289 | D:2      | Reached skill level 3 in Stealth
  1480 | D:2      | Killed Terence
  1480 | D:2      | Reached XP level 5. HP: 35/38 MP: 5/5
  1788 | D:3      | Reached skill level 4 in Stealth
  2138 | D:3      | Found a shattered altar of Ashenzari.
  2147 | D:3      | Found a hazy altar of Hepliaklqana.
  2150 | D:3      | Found a white marble altar of Elyvilon.
  2559 | D:3      | Found a bloodstained altar of Trog.
  2559 | D:3      | Found a stormy altar of Qazlal.
  2570 | D:3      | Became a worshipper of Ashenzari the Shackled
  2607 | D:4      | Noticed an ogre
  2627 | D:4      | Killed an ogre
  2627 | D:4      | Reached XP level 6. HP: 44/44 MP: 6/6
  2743 | D:4      | Found an opulent altar of Gozag.
  2794 | D:4      | Noticed an orc warrior
  2845 | D:3      | Reached skill level 5 in Stealth
  3030 | D:3      | Slain by an orc warrior

Illustrated notes

Levels and vault maps discovered:
D:1:      co_arrival_random_square_maze, layout_rooms, kennysheep_doodads
D:2:      layout_basic, uniq_terence
D:3:      layout_loops_ring, nicolae_overflow_hidden_temple
D:4:      layout_rooms, kennysheep_mini_moat

Skill      XL: |  1  2  3  4  5  6 |
---------------+-------------------+-----
Stealth        | 1 2 3 4 5 |  5.0
Armour         | 1 2 |  2.4
Dodging        | 4 |  4.9
Long Blades    | 4 |  4.4
Fighting       | |  1.7
Throwing       | |  1.5

Action                   |  1- 3 |  4- 6 || total
-------------------------+-------+-------++-------
Melee: Long sword        |    80 |   198 ||   278
       Bite              |    10 |    33 ||    43
Throw: Throwing net      |       |     2 ||     2
  Use: Scroll            |       |    11 ||    11
 Stab: Sleeping          |     3 |     2 ||     5
Armor: Leather armour    |    29 |       ||    29
       Ring mail         |       |    50 ||    50
Dodge: Dodged            |    82 |    89 ||   171
Block: Other             |     2 |    46 ||    48
       Reflection        |       |     2 ||     2
       Rpst.: Long sword |    27 |    29 ||    56

Table legend: (Time is in decaauts)
 A = Elapsed time spent in this place.
 B = Non-inter-level travel time spent in this place.
 C = Inter-level travel time spent in this place.
 D = Time resting spent in this place.
 E = Time spent auto-exploring this place.
 F = Levels seen in this place.
 G = Mean time per level.
                   A        B        C        D        E       F      G
               +--------+--------+--------+--------+--------+-----+--------+
         Total |   3101 |   2952 |    149 |    434 |   1194 |   4 |  775.2 |
       Dungeon |   3101 |   2952 |    149 |    434 |   1194 |   4 |  775.2 |
               +--------+--------+--------+--------+--------+-----+--------+

Top non-repeatable levels by time:
     D:3: 1111 daAuts
     D:2: 927 daAuts
     D:1: 786 daAuts
     D:4: 275 daAuts
